 Dungeon Crawl Stone Soup version 0.29.1-15-g9cfb28693d (webtiles) character file.

Game seed: 4876978715903998655

8431 nightchill the Grappler (level 11, -1/111 HPs)
             Began as a Troll Monk on Mar 1, 2023.
             Was an Elder of Uskayaw.
             Slain by a nine-headed hydra (11 damage)
             ... on level 1 of the Lair of Beasts.
             The game lasted 00:22:17 (10424 turns).

nightchill the Grappler (Troll Monk)               Turns: 10424, Time: 00:22:17

Health: -1/111     AC: 15    Str: 25    XL:     11   Next: 9%
Magic:  11/14      EV: 10    Int:  6    God:    Uskayaw [****..]
Gold:   499        SH:  0    Dex: 12    Spells: 10/10 levels left

rFire   . . .      SeeInvis .     - Unarmed
rCold   . . .      Faith    .   (no shield)
rNeg    . . .      Spirit   .   Q - +0 acid dragon scales
rPois   +          Reflect  .   (helmet restricted)
rElec   .          Harm     .   K - +2 cloak {rPois}
rCorr   +          Rampage  .   (gloves unavailable)
Will    .....                   (boots unavailable)
Stlth   +.........              (no amulet)
HPRegen 1.08/turn               g - +4 ring of protection
MPRegen 0.14/turn               (no ring)

@: studying Short Blades
A: large, unfitting armour, claws 3, regeneration 1, shaggy fur 1, tough skin 1
a: Renounce Religion, Stomp, Line Pass


You were on level 1 of the Lair of Beasts.
You worshipped Uskayaw.
Uskayaw was noncommittal.
You visited 3 branches of the dungeon, and saw 12 of its levels.
You also visited: Sewer.

You collected 530 gold pieces.
You spent 31 gold pieces at shops.

Inventory:

Hand Weapons
 b - a +2 sling of flaming
Missiles
 h - a boomerang of dispersal (quivered)
 k - 10 poisoned darts
 u - 2 curare-tipped darts
 F - 2 datura-tipped darts
Armour
 a - a +0 robe
 G - an orb of mayhem
 K - a +2 cloak of poison resistance (worn)
 O - a +2 robe of fire resistance
 Q - +0 acid dragon scales (worn)
Magical Staves
 p - a staff of air
Jewellery
 g - a +4 ring of protection (left claw)
 n - a ring of poison resistance
 x - a ring of ice
 H - a ring of flight
Wands
 A - a wand of flame (15)
Scrolls
 e - a scroll of summoning {unknown}
 f - 2 scrolls of enchant weapon {unknown}
 l - 2 scrolls of fog {unknown}
 m - 2 scrolls of immolation {unknown}
 t - 2 scrolls of amnesia {unknown}
 w - a scroll of vulnerability {unknown}
 y - a scroll of fear {unknown}
 z - a scroll of acquirement {unknown}
 C - 4 scrolls of teleportation {unknown}
 E - 2 scrolls of noise {unknown}
 J - 2 scrolls of poison {unknown}
 M - 5 scrolls of identify
Potions
 c - 2 potions of cancellation
 d - 4 potions of curing
 i - 2 potions of haste
 j - 2 potions of ambrosia
 o - 3 potions of attraction
 q - 2 potions of magic
 r - a potion of brilliance {unknown}
 s - 6 potions of mutation
 v - 4 potions of heal wounds {unknown}
 B - a potion of flight {unknown}
 D - 2 potions of might {unknown}
 P - 2 potions of invisibility {unknown}
Miscellaneous
 L - a tin of tremorstones (2/2)
 N - a phantom mirror


   Skills:
 + Level 8.2 Fighting
 - Level 2.4 Dodging
 - Level 1.0 Stealth
 * Level 13.3 Unarmed Combat
 + Level 5.8 Invocations


You had 10 spell levels left.
You didn't know any spells.
Your spell library contained the following spells:

 Spells                   Type           Power      Damage    Failure   Level
 Beastly Appendage        Tmut           0%         N/A       52%         1
 Magic Dart               Conj           0%         1d3       52%         1
 Blink                    Tloc           0%         N/A       67%         2
 Call Imp                 Summ           0%         N/A       67%         2
 Ensorcelled Hibernation  Hex/Ice        0%         N/A       67%         2
 Passwall                 Tmut/Erth      0%         N/A       67%         2
 Wereblood                Tmut           0%         N/A       67%         2
 Frozen Ramparts          Ice            0%         1d1       88%         3
 Gell's Gravitas          Tloc           0%         N/A       88%         3
 Lesser Beckoning         Tloc           0%         N/A       88%         3
 Mephitic Cloud           Conj/Pois/Air  0%         N/A       88%         3
 Ozocubu's Armour         Ice            0%         N/A       88%         3
 Spider Form              Tmut/Pois      0%         N/A       88%         3
 Swiftness                Air            0%         N/A       88%         3
 Teleport Other           Tloc           0%         N/A       88%         3
 Airstrike                Air            0%         2d(0-16)  99%         4
 Ice Form                 Ice/Tmut       0%         N/A       99%         4
 Summon Ice Beast         Ice/Summ       0%         N/A       99%         4
 Summon Lightning Spire   Summ/Air       0%         N/A       99%         4
 Lightning Bolt           Conj/Air       0%         1d11      100%        5
 Manifold Assault         Tloc           0%         N/A       100%        5
 Dispersal                Tloc           0%         N/A       100%        6
 Ozocubu's Refrigeration  Ice            0%         4d7       100%        7
 Storm Form               Tmut/Air       0%         N/A       100%        7
 Maxwell's Capacitive Co  Air            0%         ∞         100%        8


Dungeon Overview and Level Annotations

Branches:
Dungeon (10/15)            Temple (1/1) D:5            Lair (1/5) D:10
  Sewer (visited)
    Orc: D:9-12

Altars:
Ashenzari
Cheibriados
Dithmenos
Elyvilon
Fedhas
Gozag
Hepliaklqana
Kikubaaqudgha
Makhleb
Nemelex Xobeh
Okawaru
Qazlal
Ru
Sif Muna
Trog
Uskayaw
Vehumet
Wu Jian
Xom
Yredelemnul
Zin
The Shining One

Shops:
D:5 (   D:6 (

Annotations:
D:10 4 transporters


Innate Abilities, Weirdness & Mutations

You are too large for most types of armour.
You have claws for hands.
Your natural rate of healing is unusually fast.
You are covered in fur. (AC +1)
You have tough skin. (AC +1)


Message History

The six-headed hydra bites you but does no damage.
The six-headed hydra closely misses you.
The six-headed hydra bites you but does no damage.
The six-headed hydra barely misses you. The six-headed hydra bites you.
* * * LOW HITPOINT WARNING * * *
Uskayaw will force your foes to helplessly watch your dance.
You claw one of the six-headed hydra's heads off!
The five-headed hydra grows two more!
You mangle the seven-headed hydra!!
The seven-headed hydra is almost dead.
The seven-headed hydra closely misses you.
The seven-headed hydra bites you.
* * * LOW HITPOINT WARNING * * *
The seven-headed hydra bites you but does no damage.
The seven-headed hydra bites you.
* * * LOW HITPOINT WARNING * * *
The seven-headed hydra bites you but does no damage.
The seven-headed hydra bites you.
* * * LOW HITPOINT WARNING * * *
The seven-headed hydra bites you but does no damage.
You claw one of the seven-headed hydra's heads off!
The six-headed hydra grows two more!
You mangle the eight-headed hydra!!
The eight-headed hydra is almost dead.
The eight-headed hydra bites you but does no damage. x3
The eight-headed hydra bites you!
* * * LOW HITPOINT WARNING * * *
The eight-headed hydra bites you but does no damage. x2
The eight-headed hydra bites you.
* * * LOW HITPOINT WARNING * * *
The eight-headed hydra bites you.
* * * LOW HITPOINT WARNING * * *
Uskayaw will force your foes to share their pain.
You completely miss the eight-headed hydra.
The eight-headed hydra is almost dead.
You claw one of the eight-headed hydra's heads off!
The seven-headed hydra grows two more!
You scratch the nine-headed hydra.
The nine-headed hydra is severely wounded.
The nine-headed hydra bites you.
* * * LOW HITPOINT WARNING * * *
The nine-headed hydra bites you!
You die...

#.. #.....# #..#
##....#
#...######.....#
##.)...P#.#....##
#......†.......#
...............##
......P#........#
....####.....(..#
.$. #(..@D...# ..
#.........#
#...........#
#......##.....#
#......## ##.....
.....#. ##$..
....### ./. #..#
..


You could see a nine-headed hydra.

Vanquished Creatures
  An unseen horror (D:10)
  2 trolls
  13 yaks
  A wyvern (D:7)
  2 steam dragons (D:8)
  3 wargs
  A water moccasin (Lair:1)
  An acid dragon (D:10)
  An ice beast (D:8)
  4 orc warriors
  2 black bears
  4 centaurs
  A phantom (D:5)
  4 kobold brigands
  4 bullfrogs
  2 gnoll sergeants
  A necrophage (D:5)
  4 scorpions
  12 wights
  4 killer bees (D:10)
  A howler monkey (D:10)
  6 crimson imps (D:9)
  3 quasits (D:5)
  4 jellies
  Crazy Yiuf (D:7)
  6 orc priests
  A gnoll bouda (D:5)
  Jessica (D:2)
  5 iguanas
  21 orc wizards
  Natasha (thrice) (D:2)
  22 gnolls
  10 adders
  3 river rats (Sewer)
  8 shadow imps
  7 white imps
  6 ufetubi
  3 dart slugs
  4 worms
  51 orcs
  7 bats
  7 endoplasms
  3 giant cockroaches
  10 goblins
  10 hobgoblins
  12 kobolds
  6 quokkas
  4 ball pythons
  5 frilled lizards
  12 rats
309 creatures vanquished.

Vanquished Creatures (others)
  4 demonic plants (D:5)
4 creatures vanquished.

Grand Total: 313 creatures vanquished

Notes
Turn   | Place    | Note
-------+----------+-------------------------------------------
     0 | D:1      | nightchill the Troll Monk began the quest for the Orb.
     0 | D:1      | Reached XP level 1. HP: 22/22 MP: 0/0
   238 | D:1      | Reached XP level 2. HP: 15/29 MP: 1/1
   700 | D:1      | Reached XP level 3. HP: 36/36 MP: 2/2
  1215 | D:2      | Reached skill level 4 in Unarmed Combat
  1351 | D:2      | Noticed Natasha
  1356 | D:2      | Killed Natasha
  1383 | D:2      | Noticed Natasha
  1405 | D:2      | Killed Natasha
  1406 | D:2      | Reached XP level 4. HP: 45/45 MP: 3/3
  1441 | D:2      | Noticed Jessica
  1482 | D:2      | Killed Jessica
  1939 | D:2      | Noticed Natasha
  1948 | D:2      | Killed Natasha
  1949 | D:2      | Reached skill level 5 in Unarmed Combat
  1949 | D:2      | Reached XP level 5. HP: 51/53 MP: 4/4
  2073 | D:3      | Found a glowing drain.
  2093 | Sewer    | Entered a sewer
  2302 | Sewer    | Reached skill level 6 in Unarmed Combat
  2302 | Sewer    | Reached XP level 6. HP: 36/62 MP: 5/5
  2732 | D:3      | Reached XP level 7. HP: 70/70 MP: 6/6
  2827 | D:3      | Found a sparkling altar of Nemelex Xobeh.
  3035 | D:3      | Found a faded altar of an unknown god.
  3147 | D:4      | Reached skill level 7 in Unarmed Combat
  3375 | D:4      | Found a shimmering blue altar of Sif Muna.
  3493 | D:4      | Reached skill level 8 in Unarmed Combat
  3804 | D:5      | Entered Level 5 of the Dungeon
  3852 | D:5      | Reached skill level 5 in Fighting
  3852 | D:5      | Reached XP level 8. HP: 79/80 MP: 7/7
  4069 | D:5      | Found a staircase to the Ecumenical Temple.
  4123 | Temple   | Entered the Ecumenical Temple
  4253 | D:5      | Reached skill level 9 in Unarmed Combat
  4402 | D:5      | Found Aled Neu's Weapon Boutique.
  4840 | D:5      | Found Aled Neu's Weapon Boutique.
  5476 | D:5      | Found a staircase to the Ecumenical Temple.
  5726 | D:6      | Found a hide-covered altar of Uskayaw.
  5764 | D:6      | Became a worshipper of Uskayaw the Reveller
  5764 | D:6      | Reached * piety under Uskayaw
  5961 | D:6      | Found a white marble altar of Elyvilon.
  6079 | D:6      | Reached ** piety under Uskayaw
  6080 | D:6      | Reached *** piety under Uskayaw
  6085 | D:6      | Reached **** piety under Uskayaw
  6086 | D:6      | Reached skill level 10 in Unarmed Combat
  6148 | D:6      | Found Miqapy's Weapon Emporium.
  6161 | D:6      | Bought 3 large rocks for 31 gold pieces
  6379 | D:6      | Found a shadowy altar of Dithmenos.
  6814 | D:7      | Reached skill level 1 in Invocations
  6814 | D:7      | Reached XP level 9. HP: 78/87 MP: 8/8
  6946 | D:7      | Reached ***** piety under Uskayaw
  7049 | D:7      | Found a runed translucent door.
  7050 | D:7      | Noticed Crazy Yiuf
  7096 | D:7      | Found a bloodstained altar of Trog.
  7357 | D:7      | Found a hazy altar of Hepliaklqana.
  7434 | D:7      | Found a glowing golden altar of the Shining One.
  7439 | D:7      | Found a burning altar of Makhleb.
  7556 | D:7      | Killed Crazy Yiuf
  7645 | D:8      | Reached skill level 11 in Unarmed Combat
  7962 | D:8      | Found an ancient bone altar of Kikubaaqudgha.
  8101 | D:8      | Found a sacrificial altar of Ru.
  8167 | D:8      | Found an iron altar of Okawaru.
  8167 | D:8      | Found an opulent altar of Gozag.
  8549 | D:9      | Found an ornate altar of the Wu Jian Council.
  8610 | D:9      | Reached XP level 10. HP: 90/102 MP: 11/11
  8695 | D:9      | Reached skill level 12 in Unarmed Combat
  8771 | D:9      | Found a shimmering altar of Xom.
  8771 | D:9      | Found a shimmering altar of Xom.
  8771 | D:9      | Found a shimmering altar of Xom.
  8772 | D:9      | Found a shimmering altar of Xom.
  9377 | D:10     | Entered Level 10 of the Dungeon
  9377 | D:10     | Found a staircase to the Lair.
  9470 | D:9      | Reached skill level 5 in Invocations
  9532 | D:10     | Reached skill level 13 in Unarmed Combat
  9534 | D:10     | Reached ****** piety under Uskayaw
  9749 | D:10     | Reached XP level 11. HP: 111/111 MP: 14/14
  9899 | D:10     | Found a transporter.
  9901 | D:10     | Found a transporter.
  9903 | D:10     | Found a transporter.
 10170 | D:10     | Found a transporter.
 10257 | D:10     | Found a radiant altar of Vehumet.
 10374 | Lair:1   | Entered Level 1 of the Lair of Beasts
 10409 | Lair:1   | Noticed a five-headed hydra
 10424 | Lair:1   | Slain by a nine-headed hydra

Illustrated notes

Levels and vault maps discovered:
D:1:      dpeg_arrival_snail, layout_loops_corners
D:2:      layout_loops_ring, minmay_puff, uniq_natasha, uniq_jessica
D:3:      layout_loops_ring, mainiacjoe_overflow_chevrons, portal_sewer_entry_f,
          shapermc_ecumenical_altar_mp_highgroup
D:4:      minmay_angry_zag, layout_cave_pools, mainiacjoe_overflow_boulevard,
          nicolae_zen_rock_garden, minmay_manual_mares
D:5:      layout_basic, minmay_temple_entry_fiery, serial_shops,
          nicolae_shop_bloodbath_and_beyond, serial_demonic, serial_demonic_c,
          serial_demonic_b, serial_demonic_b, serial_demonic_a,
          serial_demonic_a, serial_demonic_d, serial_demonic_a,
          serial_demonic_d, nicolae_elevator_lobby_plus
D:6:      layout_layer_cave, mainiacjoe_overflow_tiny_flanked,
          grunt_dithmenos_smoke_and_mirrors, kennysheep_mini, serial_shops, shop
D:7:      layout_gridville, mainiacjoe_overflow_small_starburst, minitemple,
          uniq_crazy_yiuf_cottage
D:8:      layout_gridville, mainiacjoe_overflow_concentric_impassable,
          lemuel_round_altar, amethyst_overflow_temple_binary, minmay_between
D:9:      layout_loops_ring, xom_shifter_show, mainiacjoe_overflow_24_doors,
          minmay_nine_imps
D:10:     layout_cave_pools, mainiacjoe_overflow_paths,
          erik_lair_orcish_takeover, minmay_misc_feat_tiny,
          nicolae_diode_quadrants
Temple:   nicolae_temple_stand_before_the_council
Lair:1:   layout_layer_cave

Skill      XL: |  1  2  3  4  5  6  7  8  9 10 |
---------------+-------------------------------+-----
Unarmed Combat | 4 5 6 8 10 11 13 | 13.3
Fighting       | 3 4 5 6 7 8 |  8.2
Invocations    | 1 3 5 |  5.8
Dodging        | |  2.4
Stealth        | |  1.0

Action                   |  1- 3 |  4- 6 |  7- 9 | 10-12 || total
-------------------------+-------+-------+-------+-------++-------
Melee: Unarmed           |    59 |   166 |   394 |   161 ||   780
       Punch             |     2 |    11 |    18 |    14 ||    45
Throw: Large rock        |       |       |       |     3 ||     3
       Dart              |       |       |       |     1 ||     1
       Throwing net      |       |       |       |     1 ||     1
       Boomerang         |       |       |       |     1 ||     1
Invok: Stomp             |       |       |     1 |     3 ||     4
       Line Pass         |       |       |     1 |     1 ||     2
       Grand Finale      |       |       |       |     1 ||     1
  Use: Scroll            |       |     1 |     6 |       ||     7
       Potion            |       |     1 |       |       ||     1
 Stab: Sleeping          |     2 |     3 |     2 |     1 ||     8
       Paralysed         |       |       |     7 |     8 ||    15
Armor: Robe              |    16 |    65 |   180 |   103 ||   364
       Acid dragon scale |       |       |       |    41 ||    41
Dodge: Dodged            |    25 |    61 |   187 |   101 ||   374
